 Dungeon Crawl Stone Soup version 0.31-a0-360-gb3e1d13bf4 (webtiles) character file.

Game seed: 9493170564214758693

8782 randomguy2701 the Cleaver (level 11, -21/95 HPs)
             Began as a Minotaur Fighter on July 26, 2023.
             Was a Priest of Qazlal.
             Demolished by an enormous slime creature (69 damage)
             ... on level 11 of the Dungeon.
             The game lasted 00:14:47 (8833 turns).

randomguy2701 the Cleaver (Minotaur Fighter)        Turns: 8833, Time: 00:14:47

Health: -21/95     AC: 14    Str: 21    XL:     11   Next: 14%
Magic:  15/15      EV: 12    Int:  5    God:    Qazlal [***...]
Gold:   501        SH: 15    Dex: 14    Spells: 10/10 levels left

rFire   . . .        y - +4 war axe (freeze)
rCold   . . .        c - +0 buckler
rNeg    . . .        r - +0 plate armour
rPois   +            (helmet restricted)
rElec   .            (no cloak)
rCorr   .            (no gloves)
SInv    .            (no boots)
Will    .....        x - amulet of reflection Stlth
                     g - ring of poison resistance
HPRegen 0.35/turn    k - +5 ring of evasion
MPRegen 0.14/turn

%: reflection
@: no status effects
A: horns 2, retaliatory headbutt
a: Renounce Religion, Upheaval, Elemental Force


You were on level 11 of the Dungeon.
You worshipped Qazlal.
Qazlal was most pleased with you.
You visited 1 branch of the dungeon, and saw 11 of its levels.

You collected 573 gold pieces.
You spent 72 gold pieces at shops.

Inventory:

Hand Weapons
 a - a +0 war axe
 y - a +4 war axe of freezing (weapon)
Armour
 b - +0 ice dragon scales
 c - a +0 buckler (worn)
 r - a +0 plate armour (worn)
Jewellery
 e - a ring of flight
 g - a ring of poison resistance (left hand)
 h - a ring of wizardry
 k - a +5 ring of evasion (right hand)
 x - an amulet of reflection (around neck)
 H - an amulet of guardian spirit
 N - an amulet of magic regeneration
Wands
 n - a wand of acid (15)
 z - a wand of flame (30)
 E - a wand of roots (8)
 J - a wand of charming (5)
Scrolls
 f - a scroll of revelation {unknown}
 i - 4 scrolls of fear
 j - 3 scrolls of blinking
 l - 2 scrolls of amnesia {unknown}
 o - 4 scrolls of vulnerability
 p - 3 scrolls of teleportation {unknown}
 t - a scroll of silence {unknown}
 u - a scroll of poison {unknown}
 C - a scroll of noise {unknown}
 F - a scroll of torment {unknown}
 I - a scroll of immolation {unknown}
 K - 3 scrolls of identify
 L - a scroll of enchant armour {unknown}
 M - a scroll of enchant weapon {unknown}
Potions
 d - a potion of might
 m - 2 potions of haste
 q - 3 potions of attraction
 s - a potion of ambrosia
 v - a potion of brilliance {unknown}
 w - a potion of enlightenment {unknown}
 A - 4 potions of curing
 B - 2 potions of heal wounds
 D - 2 potions of mutation
 G - 2 potions of degeneration {unknown}
 O - a potion of invisibility {unknown}


   Skills:
 + Level 8.8 Fighting
 + Level 12.9 Axes
 + Level 9.3 Armour
 + Level 2.3 Dodging
 + Level 8.3 Shields
 + Level 7.0 Invocations


You had 10 spell levels left.
You didn't know any spells.
Your spell library contained the following spells:

 Spells                   Type           Power      Damage    Failure   Level
 Wereblood                Tmut           0%         N/A       100%        2
 Irradiate                Conj/Tmut      0%         3d11      100%        5


Dungeon Overview and Level Annotations

Branches:
Dungeon (11/15)            Temple (0/1) D:5            Lair (0/5) D:8
    Orc: D:9-12

Altars:
Ashenzari
Gozag
Okawaru
Qazlal
Ru
Trog
Zin
The Shining One

Shops:
D:5 (   D:10 *


Innate Abilities, Weirdness & Mutations

You have a pair of horns on your head.
You reflexively headbutt those who attack you in melee.


Message History

You slash the enormous slime creature! You freeze the enormous slime creature.
The enormous slime creature is heavily wounded.
An orc warrior comes into view. It is wielding a +0 hand axe.
The enormous slime creature hits you.
You slash the enormous slime creature! You freeze the enormous slime creature.
You headbutt the enormous slime creature!
The enormous slime creature is heavily wounded.
You hear a shout!
You block the enormous slime creature's attack.
An orc wizard comes into view. It is wielding a +0 dagger.
The orc priest casts a cantrip, but nothing happens.
You hit the enormous slime creature. You freeze the enormous slime creature.
The enormous slime creature is heavily wounded.
You hear the deafening beating of a distant drum.
You block the enormous slime creature's attack.
You slash the enormous slime creature! You freeze the enormous slime creature.
You headbutt the enormous slime creature.
The enormous slime creature is severely wounded.
The enormous slime creature hits you!!
You slash the enormous slime creature! You freeze the enormous slime creature.
Your headbutt misses the enormous slime creature.
The enormous slime creature is severely wounded.
You slash the enormous slime creature! You freeze the enormous slime creature.
You headbutt the enormous slime creature.
The enormous slime creature is severely wounded.
The enormous slime creature hits you!!
Unknown command.
You slash the enormous slime creature! You freeze the enormous slime creature.
Your headbutt misses the enormous slime creature.
The enormous slime creature is almost dead.
You block the enormous slime creature's attack.
You hit the enormous slime creature. You freeze the enormous slime creature.
The enormous slime creature is almost dead.
You block the enormous slime creature's attack.
You hit the enormous slime creature. You freeze the enormous slime creature.
You headbutt the enormous slime creature.
The enormous slime creature is almost dead.
The enormous slime creature hits you!!!
Ouch! That really hurt!
You die...

...............<####
##'###
....#####..........+
#..... ....#
#.##.####### #.....
....# #.##.#######
##.....
........#.##.......+
+...>.#
##+###.......#######
#...... ...#.##.# .
#......
#.##.#######....
#......
#.......@Jooo...
#......
#.##.######o.)..
#~~≈~~# # #.# ...
~≈≈~~≈# #.# .
.~≈≈≈.≈# #.# ..# #.#
#..


You could see an enormous slime creature, an orc warrior, an orc priest, an orc
wizard and an orc.

Vanquished Creatures
  Gastronok (D:8)
  2 two-headed ogres
  A gargoyle (D:10)
  2 kobold demonologists (D:10)
  A rime drake (D:8)
  Grinder (D:6)
  Sigmund (D:6)
  A shadow (D:11)
  A wyvern (D:9)
  2 steam dragons
  3 orc warriors
  2 water moccasins
  5 ice beasts
  2 sky beasts (D:8)
  2 ogres
  6 centaurs
  A wolf (D:8)
  2 kobold brigands (D:10)
  3 bullfrogs
  2 scorpions
  16 wights
  11 killer bees
  5 howler monkeys
  An electric eel (D:11)
  5 hounds
  A gnoll bouda (D:7)
  5 orc priests
  Crazy Yiuf (D:5)
  An iguana (D:6)
  5 orc wizards
  Terence (D:2)
  7 gnolls
  8 adders
  A shadow imp (D:6)
  2 white imps (D:5)
  2 ufetubi
  4 worms
  3 dart slugs
  28 orcs
  5 endoplasms
  3 giant cockroaches
  7 goblins
  4 hobgoblins
  21 jackals
  6 kobolds
  A quokka (D:1)
  10 ball pythons
  5 bats
  5 rats
215 creatures vanquished.

Vanquished Creatures (others)
  An ogre (D:7)
1 creature vanquished.

Grand Total: 216 creatures vanquished

Notes
Turn   | Place    | Note
-------+----------+-------------------------------------------
     0 | D:1      | randomguy2701 the Minotaur Fighter began the quest for the
                  | Orb.
     0 | D:1      | Reached XP level 1. HP: 19/19 MP: 0/0
   200 | D:1      | Reached XP level 2. HP: 26/27 MP: 1/1
   435 | D:1      | Reached skill level 3 in Axes
   545 | D:1      | Reached XP level 3. HP: 33/33 MP: 2/2
  1191 | D:2      | Found a glowing silver altar of Zin.
  1362 | D:2      | Noticed Terence
  1365 | D:2      | Reached XP level 4. HP: 37/41 MP: 3/3
  1375 | D:2      | Killed Terence
  2022 | D:3      | Reached skill level 4 in Axes
  2177 | D:3      | Reached XP level 5. HP: 37/47 MP: 4/4
  2399 | D:3      | Found a stormy altar of Qazlal.
  2408 | D:3      | Found an opulent altar of Gozag.
  2499 | D:3      | Became a worshipper of Qazlal Stormbringer
  2822 | D:4      | Reached skill level 1 in Dodging
  2962 | D:4      | Reached skill level 5 in Axes
  2962 | D:4      | Reached skill level 5 in Armour
  2977 | D:4      | Reached XP level 6. HP: 25/55 MP: 5/5
  3102 | D:4      | Reached skill level 5 in Fighting
  3102 | D:4      | Reached skill level 1 in Invocations
  3507 | D:5      | Entered Level 5 of the Dungeon
  3535 | D:5      | Reached * piety under Qazlal
  3597 | D:5      | Found Godi Qaf's Antique Weapon Emporium.
  3922 | D:5      | Reached XP level 7. HP: 45/61 MP: 7/7
  3927 | D:5      | Reached skill level 6 in Axes
  3997 | D:5      | Found a staircase to the Ecumenical Temple.
  3998 | D:5      | Found an iron altar of Okawaru.
  4308 | D:5      | Found a runed translucent door.
  4309 | D:5      | Noticed Crazy Yiuf
  4315 | D:5      | Killed Crazy Yiuf
  4534 | D:6      | Noticed Sigmund
  4561 | D:6      | Killed Sigmund
  4562 | D:6      | Reached skill level 7 in Axes
  4616 | D:6      | Reached XP level 8. HP: 58/70 MP: 9/9
  4835 | D:6      | Reached skill level 8 in Axes
  4835 | D:6      | Reached skill level 5 in Shields
  5090 | D:6      | Noticed Grinder
  5093 | D:6      | Killed Grinder
  5165 | D:7      | Found a broken altar of Ashenzari.
  5305 | D:7      | Found a glowing golden altar of the Shining One.
  5670 | D:7      | Reached skill level 9 in Axes
  5670 | D:7      | Reached XP level 9. HP: 62/77 MP: 11/11
  5910 | D:7      | You fall into a shaft and drop 2 floors!
  6079 | D:8      | Noticed a rime drake
  6090 | D:8      | Killed a rime drake
  6147 | D:8      | Reached ** piety under Qazlal
  6160 | D:8      | Reached skill level 5 in Invocations
  6164 | D:8      | Reached skill level 10 in Axes
  6171 | D:8      | Found a staircase to the Lair.
  6255 | D:8      | Noticed Gastronok
  6268 | D:8      | Killed Gastronok
  6269 | D:8      | Reached skill level 11 in Axes
  6269 | D:8      | Reached XP level 10. HP: 50/88 MP: 11/13
  6484 | D:8      | Found a bloodstained altar of Trog.
  7223 | D:9      | Reached *** piety under Qazlal
  7717 | D:10     | Entered Level 10 of the Dungeon
  7746 | D:10     | Found Suqionk's Hallowed Reliquary.
  7746 | D:10     | Noticed an angel
  7754 | D:10     | Bought a potion of curing for 36 gold pieces
  7754 | D:10     | Bought a potion of curing for 36 gold pieces
  7813 | D:10     | Noticed a two-headed ogre
  7818 | D:10     | Killed a two-headed ogre
  7819 | D:10     | Reached skill level 12 in Axes
  7880 | D:10     | Identified the +0 leather armour of the Moneychanger
                  | {*Corrode Will+ Str+2 Int+4}
  8070 | D:10     | Found a sacrificial altar of Ru.
  8280 | D:10     | Noticed a gargoyle
  8288 | D:10     | Killed a gargoyle
  8484 | D:11     | Noticed a two-headed ogre
  8487 | D:11     | Reached XP level 11. HP: 95/95 MP: 15/15
  8491 | D:11     | Killed a two-headed ogre
  8833 | D:11     | Demolished by an enormous slime creature

Illustrated notes

Levels and vault maps discovered:
D:1:      dpeg_arrival_rooms_a, layout_loops_corners, serial_bayou_lagoon_b
D:2:      layout_basic, basic_altar, uniq_terence
D:3:      layout_loops_ring, amethyst_overflow_temple_binary,
          grunt_decor_fettered
D:4:      layout_basic
D:5:      layout_cave_pods, mainiacjoe_overflow_small_starburst,
          temple_fountains, serial_shops, shop, uniq_crazy_yiuf_cottage
D:6:      nicolae_BIG_FREAKIN_CUBE, layout_loops_ring, uniq_grinder,
          uniq_sigmund
D:7:      layout_basic, ashenzari_altar_1, mainiacjoe_overflow_24_doors
D:8:      layout_cave_pools, trog_three_pillars_becter, hellmonk_lair_entry_icy,
          chequers_mini_garden, uniq_gastronok
D:9:      layout_basic, special_room [special_room_orc]
D:10:     layout_roguey, mainiacjoe_overflow_alcove_1, serial_park_tiny_1,
          nicolae_good_shop
D:11:     layout_basic, gauntlet_entry_generic, tgw_sif

Skill      XL: |  1  2  3  4  5  6  7  8  9 10 |
---------------+-------------------------------+-----
Shields        | 4 5 7 8 |  8.3
Fighting       | 4 5 6 7 8 |  8.8
Axes           | 3 4 5 7 9 11 12 | 12.9
Armour         | 4 5 6 7 8 9 |  9.3
Dodging        | 1 2 |  2.3
Invocations    | 1 3 4 5 7 |  7.0

Action                     |  1- 3 |  4- 6 |  7- 9 | 10-12 || total
---------------------------+-------+-------+-------+-------++-------
  Melee: War axe           |   101 |   133 |   162 |   154 ||   550
         Headbutt          |     7 |    20 |    33 |    34 ||    94
    Use: Scroll            |       |     4 |       |     5 ||     9
 Armour: Scale mail        |    55 |    40 |       |       ||    95
         Plate armour      |       |     8 |    61 |    41 ||   110
  Dodge: Dodged            |    72 |    56 |    59 |    44 ||   231
  Block: Buckler           |    31 |    37 |    75 |   104 ||   247
         Reflection        |       |       |     3 |     6 ||     9

Table legend: (Time is in decaauts)
 A = Elapsed time spent in this place.
 B = Non-inter-level travel time spent in this place.
 C = Inter-level travel time spent in this place.
 D = Time resting spent in this place.
 E = Time spent auto-exploring this place.
 F = Levels seen in this place.
 G = Mean time per level.
                   A        B        C        D        E       F      G
               +--------+--------+--------+--------+--------+-----+--------+
         Total |   8931 |   8697 |    234 |    250 |   7030 |  11 |  811.9 |
       Dungeon |   8931 |   8697 |    234 |    250 |   7030 |  11 |  811.9 |
               +--------+--------+--------+--------+--------+-----+--------+

Top non-repeatable levels by time:
     D:2: 1020 daAuts
     D:9: 963 daAuts
     D:3: 924 daAuts
     D:1: 913 daAuts
     D:6: 875 daAuts
     D:5: 872 daAuts
     D:8: 778 daAuts
     D:7: 743 daAuts
     D:4: 733 daAuts
    D:10: 647 daAuts
    D:11: 460 daAuts
